 Dungeon Sprint DCSS version 0.24.0-41-g2ae2f7f1be (webtiles) character file.

Game seed: 14094196182125692461, levelgen mode: deterministic

481 McKennaii the Carver (level 6, -8/56 HPs)
             Began as a Demonspawn Fighter on Dec 10, 2019.
             Was a Believer of Makhleb.
             Mangled by a two-headed ogre
             ... wielding a +0 giant club
              (20 damage)
             ... in the Dungeon (Sprint IX: "|||||||||||||||||||||||||||||").
             The game lasted 00:02:02 (498 turns).

McKennaii the Carver (Demonspawn Fighter)            Turns: 498, Time: 00:02:02

Health: -8/56      AC: 12    Str: 21    XL:     6   Next: 87%
Magic:  6/6        EV:  9    Int:  9    God:    Makhleb [**....]
Gold:   0          SH: 10    Dex: 13    Spells: 5/5 levels left

rFire    . . .     SeeInvis .   p - +2 scimitar (flame)
rCold    + . .     Gourm    .   c - +0 shield
rNeg     . . .     Faith    .   b - +0 scale mail
rPois    .         Spirit   .   a - +0 helmet
rElec    .         Reflect  .   (no cloak)
rCorr    .         Harm     .   (no gloves)
MR       .....     NoTele   +   q - +0 pair of boots
Stlth    ..........             (no amulet)
HPRegen  0.18/turn              r - +3 ring of strength
MPRegen  0.10/turn              s - +2 ring of protection

@: no status effects
A: claws 1, cold resistance 1
a: Minor Destruction, Renounce Religion


You were in the Dungeon.
You worshipped Makhleb.
Makhleb was pleased with you.
You were not hungry.

You visited 1 branch

Inventory:

Hand Weapons
 p - a +2 scimitar of flaming (weapon)
Armour
 a - a +0 helmet (worn)
 b - a +0 scale mail (worn)
 c - a +0 shield (worn)
 q - a +0 pair of boots (worn)
Jewellery
 r - a +3 ring of strength (left claw)
 s - a +2 ring of protection (right claw)
Wands
 o - a wand of iceblast (10)
Scrolls
 k - 2 scrolls of blinking
 m - 3 scrolls of remove curse
 n - 2 scrolls of amnesia
Potions
 e - 5 potions of curing
 g - 3 potions of heal wounds
 h - a potion of haste
 i - 4 potions of magic
 j - a potion of berserk rage
 l - a potion of invisibility
Comestibles
 d - 7 chunks of flesh
 f - a ration


   Skills:
 + Level 7.7 Fighting
 * Level 8.1 Long Blades
 + Level 6.9 Armour
 + Level 1.6 Dodging
 + Level 0.2 Stealth
 + Level 6.4 Shields


You had 5 spell levels left.
You didn't know any spells.
Your spell library was empty.

Dungeon Overview and Level Annotations

Branches:
Dungeon (1/1)

Altars:
Cheibriados
Dithmenos
Elyvilon
Fedhas
Gozag
Hepliaklqana
Kikubaaqudgha
Makhleb
Nemelex Xobeh
Okawaru
Qazlal
Ru
Sif Muna
Trog
Uskayaw
Vehumet
Wu Jian
Xom
Yredelemnul
Zin
The Shining One
Beogh
Jiyva
Lugonu


Innate Abilities, Weirdness & Mutations

You have sharp fingernails.
Your flesh is cold resistant. (rC+)


Message History

The two-headed ogre closely misses you.
You riposte.
You slash the two-headed ogre! You burn the two-headed ogre.
The two-headed ogre is moderately wounded.
You block the two-headed ogre's attack.
You hit the two-headed ogre. You burn the two-headed ogre.
The two-headed ogre is moderately wounded.
You slash the two-headed ogre! You burn the two-headed ogre.
The two-headed ogre is severely wounded.
The two-headed ogre hits you with a +0 giant club.
You block the two-headed ogre's attack.
Your scale mail prevents you from hitting the two-headed ogre.
The two-headed ogre is severely wounded.
The two-headed ogre barely misses you.
The two-headed ogre hits you with a +0 giant club!!
* * * LOW HITPOINT WARNING * * *
Your shield prevents you from hitting the two-headed ogre.
The two-headed ogre is severely wounded.
You block the two-headed ogre's attack.
The two-headed ogre hits you with a +0 giant club!!
You die...

▓[▓
▓.▓
▓.▓
▓'▓
▓)▓
▓.▓
▓.▓
▓.▓
▓@▓
▓O▓
▓T▓
▓o▓
▓W▓
▓.▓
▓.▓
▓.▓
▓.▓


You could see a two-headed ogre, a troll, a wraith and an orc.

Vanquished Creatures
  A wyvern (D)
  A sky beast (D)
  An ogre (D)
  A big kobold (D)
  A jelly (D)
  An iguana (D)
  An adder (D)
  2 shadow imps (D)
  An adder skeleton (D)
  A dart slug (D)
  2 leopard geckos (D)
  An orc (D)
  A goblin (D)
  A quokka (D)
  A frilled lizard (D)
  A kobold (D)
18 creatures vanquished.

Notes
Turn   | Place    | Note
-------+----------+-------------------------------------------
     0 | D        | McKennaii the Demonspawn Fighter began the quest for the
                  | Orb.
     0 | D        | Reached XP level 1. HP: 18/18 MP: 1/1
    12 | D        | Reached skill level 2 in Long Blades
    64 | D        | Noticed an iguana
    69 | D        | Gained mutation: Your flesh is cold resistant. (rC+)
                  | [demonic ancestry]
    69 | D        | Reached XP level 2. HP: 22/24 MP: 2/2
    77 | D        | Reached skill level 3 in Long Blades
    77 | D        | Reached XP level 3. HP: 16/31 MP: 3/3
   252 | D        | Found a roughly hewn altar of Beogh.
   252 | D        | Found a snail-covered altar of Cheibriados.
   252 | D        | Found a shadowy altar of Dithmenos.
   252 | D        | Found a white marble altar of Elyvilon.
   252 | D        | Found a blossoming altar of Fedhas.
   252 | D        | Found an opulent altar of Gozag.
   253 | D        | Found a hazy altar of Hepliaklqana.
   254 | D        | Found a viscous altar of Jiyva.
   255 | D        | Found an ancient bone altar of Kikubaaqudgha.
   256 | D        | Found a corrupted altar of Lugonu.
   257 | D        | Found a burning altar of Makhleb.
   258 | D        | Found a sparkling altar of Nemelex Xobeh.
   259 | D        | Found an iron altar of Okawaru.
   260 | D        | Found a stormy altar of Qazlal.
   261 | D        | Found a sacrificial altar of Ru.
   262 | D        | Found a shimmering blue altar of Sif Muna.
   263 | D        | Found a bloodstained altar of Trog.
   264 | D        | Found a hide-covered altar of Uskayaw.
   265 | D        | Became a worshipper of Makhleb the Destroyer
   266 | D        | Found a radiant altar of Vehumet.
   267 | D        | Found an ornate altar of the Wu Jian Council.
   268 | D        | Found a shimmering altar of Xom.
   269 | D        | Found a basalt altar of Yredelemnul.
   270 | D        | Found a glowing silver altar of Zin.
   271 | D        | Found a glowing golden altar of the Shining One.
   316 | D        | Noticed an ogre
   316 | D        | Noticed a sky beast
   316 | D        | Noticed a wyvern
   322 | D        | Reached * piety under Makhleb
   322 | D        | Reached skill level 4 in Long Blades
   322 | D        | Gained mutation: You have sharp fingernails. [demonic
                  | ancestry]
   322 | D        | Reached XP level 4. HP: 17/38 MP: 4/4
   324 | D        | Killed an ogre
   324 | D        | Reached skill level 5 in Fighting
   324 | D        | Reached skill level 5 in Long Blades
   324 | D        | Reached skill level 5 in Armour
   324 | D        | Reached skill level 5 in Shields
   324 | D        | Reached XP level 5. HP: 11/46 MP: 5/5
   327 | D        | Killed a sky beast
   327 | D        | Reached skill level 6 in Long Blades
   327 | D        | Reached skill level 1 in Dodging
   328 | D        | Killed a wyvern
   328 | D        | Reached ** piety under Makhleb
   328 | D        | Reached skill level 7 in Long Blades
   328 | D        | Reached XP level 6. HP: 28/55 MP: 6/6
   484 | D        | Noticed a two-headed ogre
   484 | D        | Noticed a troll
   484 | D        | Noticed a wraith
   491 | D        | Reached skill level 8 in Long Blades
   498 | D        | Mangled by a two-headed ogre

Levels and vault maps discovered:
D:        linesprint [early_d, line_temple, items_1, d_10, items_2, lair_1,
          lair_end, items_3, orc_1, orc_end, items_4, d_15, swamp_1, shoals_1,
          snake_1, spider_1, d_20, vaults_1, items_5, swamp_end, shoals_end,
          snake_end, spider_end, vaults_end, d_27, items_6, zot_1, zot_end,
          crypt_end, forest_end, elf_end, slime_end, tomb_end, abyss_end,
          pan_hell_end]

Skill      XL: |  1  2  3  4  5  6 |
---------------+-------------------+-----
Long Blades    | 2 3 4 5 7 8 |  8.1
Armour         | 3 4 5 6 |  6.9
Shields        | 3 4 5 6 |  6.4
Fighting       | 4 5 7 |  7.7
Dodging        | 1 |  1.6
Stealth        | |  0.2

Action                   |  1- 3 |  4- 6 || total
-------------------------+-------+-------++-------
Melee: Long sword        |    36 |       ||    36
       Scimitar          |     4 |    19 ||    23
  Use: Potion            |     1 |       ||     1
Armor: Scale mail        |    14 |     3 ||    17
Dodge: Dodged            |    12 |     4 ||    16
Block: Shield            |    13 |     7 ||    20
       Rpst.: Long sword |     1 |       ||     1
       Scimitar          |     1 |     1 ||     2
